 Dungeon Crawl Stone Soup version 0.20.1-1-g8b1a95d (webtiles) character file.

752 Reeggar the Chopper (level 7, -8/53 HPs)
             Began as a Demonspawn Fighter on Oct 16, 2017.
             Mangled by Prince Ribbit (14 damage)
             ... on level 5 of the Dungeon.
             The game lasted 00:22:19 (4491 turns).

Reeggar the Chopper (Demonspawn Fighter)            Turns: 4491, Time: 00:22:20

Health: -8/53      AC: 14    Str: 18    XL:     7   Next: 49%
Magic:  8/8        EV:  5    Int:  9    God:    Xom [.....*]
Gold:   230        SH:  9    Dex: 15    Spells: 7/8 levels left

rFire    . . .     SeeInvis .   a - +3 war axe
rCold    + . .     Gourm    .   c - +0 shield
rNeg     . . .     Faith    .   i - +0 chain mail
rPois    +         Spirit   .   (helmet restricted)
rElec    .         Reflect  .   g - +2 cloak
rCorr    .         Harm     .   b - +0 pair of gloves
MR       .....                  (no boots)
Stlth    ..........             (no amulet)
Regen    0.2/turn               (no ring)
MPRegen  0.2/turn               (no ring)

@: no status effects
A: horns 2, agile 1, cold resistance 1, poison resistance, powered by death 1,
shaggy fur 1
a: Renounce Religion


You were on level 5 of the Dungeon.
You worshipped Xom.
You were Xom's teddy bear.
You were not hungry.

You visited 1 branch of the dungeon, and saw 5 of its levels.

You collected 230 gold pieces.

Inventory:

Hand Weapons
 a - a +3 war axe (weapon)
 e - a +2 great mace of crushing
Missiles
 l - 14 javelins (quivered)
Armour
 b - a +0 pair of gloves (worn)
 c - a +0 shield (worn)
 g - a +2 cloak (worn)
 i - a +0 chain mail (worn)
 o - a +2 leather armour of cold resistance
 u - a +0 cloak
Jewellery
 h - an uncursed ring of fire {unknown}
 m - a +3 ring of intelligence {unknown}
 r - an uncursed ring of protection from cold {unknown}
Scrolls
 d - 2 scrolls of amnesia {unknown}
 j - 2 scrolls of magic mapping
 t - 2 scrolls of identify
 v - 3 scrolls of teleportation
 x - a scroll of recharging {unknown}
Potions
 p - a potion of ambrosia
 w - a potion of haste {unknown}
Books
 k - a book of Cantrips

   Spells                             Type                      Level
   a - Confusing Touch                Hexes                        1
   b - Animate Skeleton               Necromancy                   1
   c - Summon Small Mammal            Summoning                    1
   d - Apportation                    Translocation                1
Comestibles
 f - 3 bread rations
 n - 3 chunks of flesh
 q - 3 royal jellies


   Skills:
 + Level 3.9 Fighting
 + Level 4.4 Axes
 * Level 3.3 Throwing
 + Level 4.1 Armour
 + Level 0.3 Dodging
 + Level 0.2 Stealth
 + Level 4.0 Shields
 * Level 1.0 Spellcasting


You had 7 spell levels left.
You knew the following spells:

 Your Spells              Type           Power        Failure   Level  Hunger
a - Confusing Touch       Hex            #.....       100%        1    ##.....


Dungeon Overview and Level Annotations

Branches:
Dungeon (5/15)
 Temple: D:4-7

Altars:
Ashenzari
Cheibriados
Elyvilon
Fedhas
Hepliaklqana
Makhleb
Sif Muna
Trog
Vehumet
Xom
Zin

Annotations:
D:5 Prince Ribbit


Innate Abilities, Weirdness & Mutations

You have a pair of horns on your head.
You regenerate a little health from kills.
You are agile. (Dex +2)
Your flesh is cold resistant. (rC+)
Your system is resistant to poisons. (rPois)
You are covered in fur. (AC +1)


Message History

Prince Ribbit hits you but does no damage.
Prince Ribbit blinks!
You closely miss Prince Ribbit.
You headbutt Prince Ribbit, but do no damage.
Prince Ribbit is moderately wounded.
Prince Ribbit blinks! x2
It was a potion of mutation.
You feel extremely strange.
You feel stupid.
Your vision sharpens.
You no longer feel jittery.
You feel resistant to cold.
You feel agile.
You feel resistant to poisons.
Xom thinks this is hilarious!
Eat one of 4 chunks of flesh? (ye/n/q)
You eat one of the 4 chunks of flesh.
This raw flesh tastes terrible.
You slash Prince Ribbit!
Prince Ribbit is severely wounded.
You block Prince Ribbit's attack.
Prince Ribbit blinks!
Prince Ribbit hits you!
* * * LOW HITPOINT WARNING * * *
Prince Ribbit hits you!
You die...
Xom snickers!

...#.# #.#.# #)#...# # ####..#.#
#.#.# #.#...# # ...#..#.# #.#.#
#.#...# # .#.#..#.# #.#.#
#.##'### # ......#.# #.#.#
#.##...# #
##.##.#.####.#.#########.####)###
#.##.#.......................)..
#.##....[...#.#########.........
#.###########+#@F........>......
#.# #....ยง##.............. #.#
#.....##.############# #.#
#.....##.# ## #.# #.)...##.#
#####. #.# #.....##.# ...... #.#
#.....##.# ...... #.# ###.#.##.#
...... #.# #.#.##.# #####.


You could see Prince Ribbit.

Vanquished Creatures
  Grinder (D:5)
  A sky beast (D:5)
  A scorpion (D:3)
  2 orc wizards (D:3)
  An orc priest (D:4)
  3 worker ants (D:4)
  An iguana (D:4)
  Natasha (twice) (D:4)
  Robin (D:3)
  6 adders
  An ooze (D:3)
  4 dart slugs
  2 leopard geckos
  15 orcs
  6 bats
  5 giant cockroaches
  14 goblins
  6 hobgoblins
  13 jackals
  2 kobolds
  A quokka (D:3)
  3 frilled lizards
  A jackal skeleton (D:4)
  A quokka skeleton (D:4)
  4 rats
97 creatures vanquished.

Notes
Turn   | Place    | Note
-------+----------+-------------------------------------------
     0 | D:1      | Reeggar the Demonspawn Fighter began the quest for the Orb.
     0 | D:1      | Reached XP level 1. HP: 18/18 MP: 1/1
   187 | D:1      | Gained mutation: You regenerate a little health from kills. [demonic ancestry]
   187 | D:1      | Reached XP level 2. HP: 23/24 MP: 2/2
   900 | D:2      | Gained mutation: You have a pair of small horns on your head. [demonic ancestry]
   900 | D:2      | Reached XP level 3. HP: 29/29 MP: 3/3
  1269 | D:2      | Found a shimmering altar of Xom.
  1768 | D:3      | Gained mutation: You have a pair of horns on your head. [demonic ancestry]
  1768 | D:3      | Reached XP level 4. HP: 34/35 MP: 4/4
  1777 | D:3      | Reached skill level 1 in Throwing
  1942 | D:3      | Noticed Robin
  2006 | D:2      | Became a worshipper of Xom the Random Number God
  2066 | D:3      | Killed Robin
  2066 | D:3      | Reached XP level 5. HP: 41/41 MP: 5/5
  2126 | D:3      | XOM: potion effect (agility)
  2201 | D:3      | Found a shattered altar of Ashenzari.
  2212 | D:3      | Found a white marble altar of Elyvilon.
  2221 | D:3      | Found a radiant altar of Vehumet.
  2230 | D:3      | Found a hazy altar of Hepliaklqana.
  2239 | D:3      | Found a deep blue altar of Sif Muna.
  2248 | D:3      | Found a snail-covered altar of Cheibriados.
  2257 | D:3      | Found a bloodstained altar of Trog.
  2314 | D:3      | XOM: chaos upgrade
  2622 | D:3      | XOM: torment (19/41 hp)
  2715 | D:4      | Reached XP level 6. HP: 36/47 MP: 6/6
  2757 | D:4      | XOM is BORED!
  2757 | D:4      | XOM: mild Summ miscast
  2894 | D:4      | Noticed Natasha
  2900 | D:4      | Killed Natasha
  3011 | D:4      | Found a burning altar of Makhleb.
  3942 | D:4      | XOM: 5-stop teleportation journey
  3994 | D:4      | XOM: harmless Conj miscast
  4025 | D:4      | Found a blossoming altar of Fedhas.
  4025 | D:4      | Found a glowing silver altar of Zin.
  4092 | D:4      | Learned a level 1 spell: Confusing Touch
  4117 | D:4      | Noticed Natasha
  4121 | D:4      | Killed Natasha
  4147 | D:5      | Entered Level 5 of the Dungeon
  4181 | D:5      | Noticed a sky beast
  4203 | D:5      | Killed a sky beast
  4203 | D:5      | Reached XP level 7. HP: 31/53 MP: 7/7
  4207 | D:5      | Gained mutation: Scrolls take you a little longer to read. [mutagenic meat]
  4231 | D:5      | Gained mutation: You are covered in fur. (AC +1) [mutagenic meat]
  4232 | D:5      | Gained mutation: Your mind is acute. (Int +2) [mutagenic meat]
  4233 | D:5      | Gained mutation: You can translocate small distances at will. [mutagenic meat]
  4339 | D:5      | Noticed Grinder
  4340 | D:5      | XOM: cleaving
  4359 | D:5      | XOM: cast spell 'Leda's Liquefaction'
  4374 | D:5      | XOM: potion effect (invisibility)
  4380 | D:5      | Paralysed by Grinder for 3 turns
  4386 | D:5      | XOM: 6-stop teleportation journey
  4420 | D:5      | XOM: fake destruction
  4423 | D:5      | Killed Grinder
  4423 | D:5      | Reached skill level 1 in Spellcasting
  4479 | D:5      | Noticed Prince Ribbit
  4487 | D:5      | Lost mutation: Your mind is acute. (Int +2) [potion of mutation]
  4487 | D:5      | Lost mutation: Scrolls take you a little longer to read. [potion of mutation]
  4487 | D:5      | Lost mutation: You can translocate small distances at will. [potion of mutation]
  4487 | D:5      | Gained mutation: Your flesh is cold resistant. (rC+) [potion of mutation]
  4487 | D:5      | Gained mutation: You are agile. (Dex +2) [potion of mutation]
  4487 | D:5      | Gained mutation: Your system is resistant to poisons. (rPois) [potion of mutation]
  4491 | D:5      | Mangled by Prince Ribbit

Skill      XL: |  1  2  3  4  5  6  7 |
---------------+----------------------+-----
Shields        | 3 4 |  4.0
Armour         | 3 4 |  4.1
Axes           | 2 3 4 |  4.4
Throwing       | 1 2 3 |  3.3
Spellcasting   | 1 |  1.0
Fighting       | |  3.9
Dodging        | |  0.3
Stealth        | |  0.2

Action                   |  1- 3 |  4- 6 |  7- 9 || total
-------------------------+-------+-------+-------++-------
Melee: War axe           |   101 |   171 |    41 ||   313
       Headbutt          |     5 |    25 |     7 ||    37
  Use: Scroll            |       |    10 |       ||    10
       Potion            |       |     4 |     2 ||     6
  Eat: Chunk             |     1 |     1 |     6 ||     8
       Bread ration      |     1 |       |       ||     1
       Meat ration       |       |     1 |       ||     1
Armor: Scale mail        |    11 |       |       ||    11
       Chain mail        |   137 |   125 |    18 ||   280
Dodge: Dodged            |    37 |    52 |     8 ||    97
Block: Shield            |   108 |   111 |    16 ||   235
